Map: Traitor's Exile

Players

OpuS

  • Race: Protoss Protoss
  • League: Platinum
  • Spawn Location: 5:00

Sketchaphone

  • Race: Zerg Zerg
  • League: Platinum
  • Spawn Location: 6:00

Darkill - Winner!

  • Race: Zerg Zerg
  • League: Diamond
  • Spawn Location: 12:00

Maih - Winner!

  • Race: Zerg Zerg
  • Spawn Location: 9:00

VOD

Have the link to the VOD?

Description

Time

  • Played on: Feb. 10, 2019, 9:15 p.m.
  • Length: 5:40
Show
View Real Time Build Order
Export as new Build Order

OpuS Protoss 

Build Orders:  

Get SALT Encoding   

  12  0:01  Probe  
  13  0:13  Probe  
  14  0:23  Pylon  
  14  0:25  Probe  
  15  0:41  Probe  
  16  0:49  Probe  
  16  0:50  Gateway  
  16  0:55  Assimilator  
  17  0:57  Probe  
  18  1:07  Probe  
  19  1:18  Assimilator  
  19  1:23  Probe  
  19  1:31  Probe  
  21  1:43  Cybernetics Core  
  21  1:49  Pylon  
  21  1:50  Probe  
  22  2:02  Probe  
  22  2:04  Pylon  
  23  2:15  Probe  
  24  2:23  Stargate  
  24  2:26  Stalker  
  26  2:34  Gateway  
  26  2:47  Stargate  
  26  2:52  Probe  
  26  2:57  Zealot  
  28  3:02  Void Ray  
  32  3:27  Pylon  
  32  3:38  Void Ray  
  36  3:43  Pylon  
  36  3:54  Zealot x2  
  40  4:07  Void Ray  
  46  4:24  Zealot  
  46  4:25  Zealot  
  48  4:33  Probe  
  49  4:38  Gateway  
  49  4:45  Probe  
  50  4:57  Probe  
  47  5:07  Zealot x2  
  47  5:09  Probe  
  52  5:22  Probe  
Show
View Real Time Build Order
Export as new Build Order

Sketchaphone Zerg 

Build Orders: Hatch First 

Get SALT Encoding   

  12  0:01  Drone  
  13  0:10  Drone  
  14  0:44  Hatchery  
  14  0:47  Drone x2, Extractor  
  14  0:54  Overlord  
  14  1:14  Spawning Pool  
  14  1:16  Drone  
  14  1:22  Drone  
  15  1:27  Drone  
  15  1:30  Drone  
  17  1:44  Drone  
  18  1:51  Overlord  
  18  1:56  Drone  
  18  2:00  Queen  
  21  2:18  Drone x4  
  21  2:19  Extractor  
  24  2:29  Drone  
  25  2:30  Zergling x2  
  26  2:37  Lair  
  26  2:40  Drone  
  27  2:46  Overlord  
  27  2:49  Drone  
  28  2:57  Zergling x2  
  29  3:03  Zergling x2  
  30  3:06  Zergling x2  
  31  3:14  Zergling x4  
  31  3:18  Zergling x2  
  34  3:23  Spine Crawler  
  34  3:27  Drone x2  
  35  3:28  Queen  
  35  3:30  Drone  
  35  3:33  Drone x2  
  40  3:41  Drone  
  41  3:54  Spire  
  34  3:57  Drone  
  34  3:58  Drone x2  
  36  4:03  Zergling x4  
  24  4:18  Zergling x4  
  17  4:27  Zergling x2  
  3  4:39  Drone x3  
Show
View Real Time Build Order
Export as new Build Order

Darkill Zerg - Winner!

Build Orders: Hatch First 

Get SALT Encoding   

  12  0:01  Drone  
  13  0:14  Overlord  
  13  0:18  Drone  
  14  0:32  Drone x2  
  16  0:54  Drone  
  16  0:55  Hatchery  
  16  0:59  Drone  
  16  1:03  Extractor  
  16  1:05  Drone  
  17  1:20  Spawning Pool  
  17  1:24  Drone  
  17  1:27  Drone  
  17  1:32  Overlord  
  18  1:41  Drone  
  19  1:57  Drone  
  20  2:04  Drone  
  21  2:12  Drone  
  21  2:14  Queen, Zergling x2  
  25  2:25  Metabolic Boost  
  25  2:26  Zergling x4  
  25  2:27  Queen  
  29  2:36  Drone x2  
  31  2:44  Zergling x2  
  32  2:51  Drone x2  
  32  2:54  Lair  
  32  2:56  Drone  
  35  3:04  Overlord  
  35  3:07  Drone  
  36  3:17  Overlord x2  
  36  3:19  Spore Crawler  
  35  3:20  Spore Crawler  
  32  3:29  Drone x2  
  32  3:31  Zergling x4  
  36  3:47  Zergling x4  
  36  3:48  Zergling x2  
  39  3:50  Hatchery  
  36  4:02  Zergling x2  
  37  4:03  Zergling x2, Drone x2  
  37  4:08  Hydralisk Den, Drone x3  
  41  4:14  Spore Crawler  
  40  4:25  Extractor  
  40  4:26  Drone x5, Extractor  
  42  5:02  Queen  
  42  5:03  Spore Crawler  
  42  5:05  Hydralisk x2  
  42  5:06  Hydralisk x3  
Show
View Real Time Build Order
Export as new Build Order

Maih Zerg - Winner!

Build Orders: Hatch First 

Get SALT Encoding   

  12  0:02  Drone  
  13  0:13  Overlord  
  13  0:18  Drone  
  14  0:35  Drone x2  
  16  0:37  Drone  
  17  0:59  Hatchery  
  17  1:02  Drone  
  17  1:03  Drone  
  18  1:08  Extractor  
  17  1:19  Spawning Pool  
  17  1:21  Drone  
  17  1:29  Drone x2  
  19  1:41  Overlord  
  19  2:07  Queen  
  21  2:13  Queen  
  21  2:14  Metabolic Boost  
  23  2:18  Drone x3  
  26  2:33  Drone  
  27  2:42  Drone x3  
  27  2:44  Baneling Nest  
  29  2:47  Overlord  
  29  2:51  Overlord  
  29  2:55  Zergling x2  
  30  2:59  Zergling x2  
  30  3:03  Zergling x2  
  32  3:06  Zergling x2  
  33  3:14  Zergling x2  
  33  3:17  Zergling x8  
  38  3:26  Zergling x2  
  39  3:30  Spore Crawler  
  39  3:31  Zergling x2  
  39  3:32  Zergling x2  
  40  3:42  Zergling x6  
  40  3:43  Spore Crawler  
  40  3:47  Baneling  
  40  3:48  Baneling x4  
  42  3:51  Zergling x4  
  42  3:53  Zergling x2  
  42  3:56  Zergling x2  
  42  3:59  Zergling x2  
  44  4:08  Zergling x6  
  44  4:14  Zergling x4  
  44  4:16  Zergling x2  
  44  4:19  Zergling x2  
  44  4:20  Baneling  
  44  4:32  Zergling x2  
  44  4:33  Zergling x2  
  44  4:37  Zergling x2  
  46  5:01  Drone x5  
  46  5:06  Hatchery  
Tags
 
Add a new tag
Caveats
  • Supply blocks, unpowered buildings, or Contaminate may cause inaccurate times.
  • Supply counts are checked every 10 seconds.